Map: Prosto w Otchłań

Players

Lion

  • Race: Zerg Zerg

Legol

  • Race: Terran Terran
  • League: Gold

VOD

Have the link to the VOD?

Description

Time

  • Played on: Jan. 2, 2020, 11:04 a.m.
  • Length: 25:39
Show
View Real Time Build Order
Export as new Build Order

Lion Zerg 

Build Orders:  

Get SALT Encoding   

  18  0:04  Primal Drone  
  19  0:14  Primal Drone  
  20  0:22  Primal Drone  
  20  0:25  Primal Drone  
  22  0:34  Primal Drone  
  23  0:41  Extractor  
  23  0:48  Extractor  
  23  0:55  Primal Drone  
  24  1:21  Primal Drone  
  24  1:24  Primal Drone  
  26  1:52  Primal Drone  
  26  1:54  Primal Drone  
  28  2:14  Primal Drone  
  29  2:27  Primal Warden  
  30  2:33  Primal Warden  
  32  2:41  Primal Warden  
  32  2:56  Primal Warden  
  33  3:07  Primal Drone x2  
  35  3:10  Primal Drone  
  36  3:44  Primal Drone  
  36  3:45  Primal Drone  
  38  3:55  Glevig's Den  
  37  4:14  Primal Drone x2  
  37  4:18  Primal Drone  
  40  4:44  Primal Drone  
  41  4:51  Primal Attacks Level 1  
  41  5:31  Muscular Augments  
  41  5:53  Primal Drone  
  41  5:54  Primal Drone x4  
  41  5:56  Murvar's Den  
  45  6:28  Primal Hive  
  50  6:31  Glial Reconstitution  
  50  6:51  Primal Wurm  
  50  6:52  Primal Wurm  
  50  6:59  Primal Wurm  
  53  7:31  Primal Carapace Level 1  
  53  8:23  Extractor  
  53  8:35  Primal Attacks Level 2  
  53  8:36  Primal Drone x4  
  57  9:05  Primal Drone x2  
  59  9:17  Primal Hydralisk x3  
  59  9:18  Primal Hydralisk x5  
  59  9:19  Primal Hydralisk x4  
  83  9:40  Primal Hydralisk x2  
  83  9:41  Primal Hydralisk  
  83  9:46  Primal Drone x2  
  83  9:47  Primal Drone  
  92  10:02  Extractor  
  66  11:55  Primal Drone x3  
  66  11:56  Primal Drone x2  
  70  12:18  Primal Hydralisk x4  
  70  12:19  Primal Hydralisk x5  
  88  12:20  Primal Hydralisk x5  
  88  12:21  Primal Hydralisk x5  
  88  12:22  Primal Hydralisk  
  110  12:33  Primal Drone x2  
  112  13:36  Primal Carapace Level 2  
  112  13:44  Primal Attacks Level 3  
  64  15:01  Primal Drone  
  64  15:02  Primal Drone x2  
  66  16:16  Primal Hydralisk  
  66  16:17  Primal Hydralisk x5  
  66  16:18  Primal Hydralisk x5  
  66  16:19  Primal Hydralisk x5  
  98  16:20  Primal Hydralisk x4  
  106  17:54  Primal Drone  
  107  18:07  Primal Drone x2  
  107  18:08  Primal Drone x2  
  101  18:29  Extractor  
  101  18:55  Primal Hydralisk x2  
  101  18:56  Primal Hydralisk x5  
  101  18:57  Primal Hydralisk x5  
  101  18:58  Primal Hydralisk x5  
  101  18:59  Primal Hydralisk x3  
  135  20:12  Primal Carapace Level 3  
  135  20:17  Primal Hydralisk  
  135  20:18  Primal Hydralisk x5  
  135  20:19  Primal Hydralisk x5  
  157  20:20  Primal Hydralisk  
  157  20:21  Primal Hydralisk  
  161  21:41  Primal Hydralisk x5  
  161  21:42  Primal Hydralisk x5  
  161  21:43  Primal Hydralisk x2  
  161  21:48  Primal Hydralisk  
  165  22:58  Primal Hydralisk  
  165  22:59  Primal Hydralisk x5  
  177  23:00  Primal Hydralisk x5  
Show
View Real Time Build Order
Export as new Build Order

Legol Terran 

Build Orders:  

Get SALT Encoding   

  12  0:08  SCV  
  13  0:25  SCV  
  13  0:27  Refinery  
  14  0:42  SCV  
  15  0:52  Engineering Bay  
  15  0:59  SCV  
  16  1:16  SCV  
  17  1:33  SCV  
  17  1:36  Gunslingers Hideout  
  18  1:47  Refinery  
  18  1:50  SCV  
  19  2:07  SCV  
  20  2:23  SCV  
  21  2:40  SCV  
  22  2:57  SCV  
  23  3:01  Tychus  
  23  3:04  Muscle Armory  
  23  3:14  SCV  
  24  3:25  James Sirius Sykes  
  34  3:44  SCV  
  35  4:01  SCV  
  36  4:18  SCV  
  37  4:26  Command Center  
  37  4:35  SCV  
  38  4:41  Outlaw Weapons Level 1  
  38  5:06  Fixers Safehouse  
  38  5:20  Engineering Bay  
  38  6:01  SCV  
  38  6:08  KD9a Implosion Core  
  39  6:15  Outlaw Life and Armor Level 1  
  39  6:18  SCV  
  40  6:22  SCV  
  41  6:35  SCV  
  41  6:39  SCV  
  43  6:52  SCV  
  43  6:56  SCV  
  45  7:08  SCV  
  46  7:13  SCV  
  47  7:21  Auto-Turret  
  47  7:22  Auto-Turret  
  47  7:23  Auto-Turret  
  47  7:25  SCV, Auto-Turret  
  47  8:28  Miles Blaze Lewis  
  57  8:40  Auto-Turret  
  57  8:43  Auto-Turret  
  57  8:44  SCV x2  
  59  8:59  Endurance Supplements  
  59  9:01  SCV  
  60  9:18  Auto-Turret  
  60  9:20  SCV x2, Auto-Turret  
  62  10:09  Auto-Turret  
  62  10:11  Auto-Turret  
  62  10:13  SCV x2, Auto-Turret  
  62  10:15  Auto-Turret x2  
  54  10:30  SCV x2  
  56  10:47  SCV  
  57  11:08  Lt Layna Nikara  
  67  11:30  Refinery  
  67  11:31  Refinery  
  67  11:42  Outlaw Weapons Level 2, Outlaw Life and Armor Level 2  
  67  11:54  Medivac Platform  
  67  11:55  SCV x2  
  69  12:12  SCV x2  
  71  12:27  Vanadium Shell  
  71  12:29  SCV x2  
  73  12:59  Auto-Turret  
  73  13:04  Auto-Turret  
  73  13:05  Auto-Turret  
  73  13:06  Auto-Turret  
  73  13:07  Auto-Turret  
  73  13:25  Umojan Repair Nanites  
  83  14:33  ITC-E Triggers  
  83  14:34  Outlaw Weapons Level 3  
  83  15:38  High Capacity Containers  
  83  15:40  Hades Oil  
  83  15:48  Rob Cannonball Boswell  
  93  16:03  Outlaw Life and Armor Level 3  
  93  16:32  Kel-Morian Ripper Rounds  
  93  16:36  Procyon Serum  
  93  17:02  SA-55 Thunderbolt Missiles  
  90  18:31  SureShot Networked Helmet  
  90  18:49  Outlaw Weapons Level 4, Outlaw Life and Armor Level 4  
  90  19:15  Moebius M34 Terror Rounds  
  90  19:31  X-71 Impact Boots  
  90  20:08  Procyon Twin Heal Beam Gauntlet  
  90  20:25  Wildflame Fuel Additives  
  90  21:19  XM-77 Matrix Generator  
  90  21:53  Outlaw Weapons Level 5  
  90  21:55  Outlaw Life and Armor Level 5  
  90  22:59  D99 Detonator  
  90  23:03  Critical Response System  
  90  23:47  XCMC-670 Combat Suit  
  90  24:59  Redline Power Cells  
Tags
 
Add a new tag
Caveats
  • Supply blocks, unpowered buildings, or Contaminate may cause inaccurate times.
  • Supply counts are checked every 10 seconds.